 Dungeon Crawl Stone Soup version 0.32-a0-913-g739538afd8 (webtiles) character file.

Game seed: 9589875427447327169

151985 shadizar the Eclecticist (level 18, -18/133 HPs)
             Began as a Djinni Conjurer on Apr 7, 2024.
             Was the Champion of Makhleb.
             Demolished by a wolf spider (25 damage)
             ... on level 4 of the Spider Nest.
             The game lasted 00:51:00 (26642 turns).

shadizar the Eclecticist (Djinni Conjurer)         Turns: 26642, Time: 00:51:01

Health: -18/133    AC: 20    Str:  6    XL:     18   Next: 19%
Gold:   3116       EV:  8    Int: 35    God:    Makhleb [******] SH:  6 Dex:  8

rFire   + . .        f - staff of conjuration
rCold   + . .        g - +1 buckler {AC+3}
rNeg    + + .        p - +4 scale mail of Dimoehi {rF+ Regen+ MP+9 Dex-4}
rPois   ∞            Q - +0 hat of Noughts and Crosses {rN++ Int+3 Stlth-}
rElec   .            E - +0 cloak
rCorr   .            r - +1 pair of gloves
SInv    .            (boots unavailable)
Will    +....        (no amulet) Stlth
                     N - ring "Ujytapyuco" {Ice rPois Int+4}
HPRegen 1.22/turn    I - ring of ice

%: infuse magic (-19 HP)
@: flying, slowed, very slow
A: sickness immunity, fire resistance 2, cold vulnerability 1, float, innate
caster, HP casting, extra vitality 1
a: Renounce Religion, Minor Destruction, Lesser Servant of Makhleb, Major
Destruction, Greater Servant of Makhleb


You were on level 4 of the Spider Nest.
You worshipped Makhleb.
Makhleb was exalted by your worship.
You visited 5 branches of the dungeon, and saw 26 of its levels.
You also visited: Sewer.

You collected 3368 gold pieces.
You spent 252 gold pieces at shops.

Inventory:

Armour
 g - a +1 buckler of protection (worn)
 l - a +1 helmet
 p - the +4 scale mail of Dimoehi (worn) {rF+ Regen+ MP+9 Dex-4}
   (You found it on level 4 of the Dungeon)

   Dex-4:     It affects your dexterity (-4).
   rF+:       It protects you from fire.
   MP+9:      It affects your magic capacity (+9).
   Regen+:    It increases your rate of health regeneration.
 q - a +0 kite shield
 r - a +1 pair of gloves (worn)
 t - a +0 tower shield
 E - a +0 cloak (worn)
 P - a +1 ring mail of fire resistance
 Q - the +0 hat of Noughts and Crosses (worn) {rN++ Int+3 Stlth-}
   (You bought it in a shop on level 2 of the Orcish Mines)

   Int+3:     It affects your intelligence (+3).
   rN++:      It greatly protects you from negative energy.
   Stlth-:    It makes you less stealthy.
 T - a +2 leather armour of fire resistance
Magical Staves
 f - a staff of conjuration (weapon)
Jewellery
 a - a +6 ring of strength
 B - a ring of positive energy
 F - a ring of willpower
 I - a ring of ice (right hand)
 N - the ring "Ujytapyuco" (left hand) {Ice rPois Int+4}
   (You found it on level 5 of the Lair of Beasts)

   [ring of ice]

   Ice:       It enhances your ice magic.
   Int+4:     It affects your intelligence (+4).
   rF-:       It makes you vulnerable to fire.
   rC+:       It protects you from cold.
   rPois:     It protects you from poison.
 S - a +6 ring of dexterity
Wands
 c - a wand of mindburst (8)
 i - a wand of polymorph (31)
 D - a wand of warping (11)
 G - a wand of digging (6)
 L - a wand of paralysis (19)
Scrolls
 d - 6 scrolls of teleportation
 j - 4 scrolls of identify
 k - 3 scrolls of enchant weapon
 m - 2 scrolls of enchant armour
 n - 2 scrolls of silence
 o - a scroll of fear
 u - 3 scrolls of brand weapon
 y - 2 scrolls of summoning
 C - 3 scrolls of fog
 J - 2 scrolls of revelation
 O - a scroll of blinking
 R - 2 scrolls of poison
Potions
 b - 5 potions of haste
 e - 7 potions of enlightenment
 h - 8 potions of curing
 s - a potion of mutation
 v - 4 potions of resistance
 x - 3 potions of berserk rage
 z - 4 potions of brilliance
 A - 5 potions of ambrosia
 H - 4 potions of might
 K - 4 potions of heal wounds
 M - a potion of cancellation
Miscellaneous
 w - a phantom mirror


   Skills:
 + Level 13.6 Fighting
 + Level 13.6 Armour
 + Level 13.5 Dodging
 - Level 5.0 Stealth
 + Level 10.4 Shields
 * Level 15.3 Spellcasting
 * Level 15.3 Conjurations
 * Level 15.3 Hexes
   Level 0.0 Charms
 * Level 15.3 Summonings
 * Level 15.3 Necromancy
 * Level 15.3 Translocations
   Level 0.0 Transmutations
 * Level 15.3 Fire Magic
 * Level 15.3 Ice Magic
 * Level 15.3 Air Magic
 * Level 15.3 Earth Magic
 * Level 15.3 Alchemy


You knew the following spells:

 Your Spells              Type           Power      Damage    Failure   Level
a - Magic Dart            Conj           100%       1d8       1%          1
b - Searing Ray           Conj           100%       2d8       1%          2
c - Fulminant Prism       Conj/Alch      58%        3d24      1%          4
d - Iskenderun's Mystic   Conj/Tloc      100%       2d19      (+2d11%     4
e - Sting                 Conj/Alch      100%       1d9       1%          1
f - Mercury Vapours       Alch/Air       100%       N/A       1%          2
g - Inner Flame           Hex/Fire       94%        N/A       1%          3
h - Summon Blazeheart Go  Fire/Summ      94%        N/A       1%          4
i - Yara's Violent Unrav  Hex/Alch       47%        3d18      1%          5
j - Iskenderun's Battles  Conj           100%       2d15      1%          5
k - Bombard               Conj/Erth      58%        9d10      4%          6
l - Spellforged Servitor  Conj/Summ      58%        N/A       24%         7
Your spell library was empty.

Dungeon Overview and Level Annotations

Branches:
Dungeon (14/15)            Temple (1/1) D:6            Lair (5/5) D:11
  Swamp (0/4) Lair:2       Spider (4/4) Lair:3        Slime (0/5) Lair:5
    Orc (2/2) D:10            Elf (0/3) Orc:2        Vaults (0/5) D:14
  Sewer (visited)

Altars:
Ashenzari
Cheibriados
Dithmenos
Elyvilon
Fedhas
Gozag
Hepliaklqana
Makhleb
Nemelex Xobeh
Okawaru
Qazlal
Ru
Trog
Uskayaw
Wu Jian
Xom
Yredelemnul
Zin
The Shining One
Beogh

Shops:
D:6 *   D:7 :?(:(   Orc:2 ([*[

Annotations:
D:10 2 transporters, UltraNumeron's ghost, journeyman TrSh
Spider:4 Asterion; Mara; Mlioglotl


Innate Abilities, Weirdness & Mutations

You are immune to sickness and miasma.
You are immune to poison.
Your flesh is very heat resistant. (rF++)
You are vulnerable to cold. (rC-)
You float through the air rather than walking.
You learn spells naturally, not from books.
Your magical power is your life essence.
You have superior vitality. (+4 MHP)


Message History

The broodmother is almost dead.
The mystic blast hits the moth of wrath!!
You kill the moth of wrath!
Makhleb accepts your kill.
You feel better.
The mystic blast hits the wolf spider simulacrum!
The wolf spider simulacrum is severely damaged.
The wolf spider simulacrum is knocked back by the mystic blast.
The mystic blast hits the torpor snail!!
You kill the torpor snail!
Makhleb accepts your kill.
You feel better.
A freezing mist starts to gather...
A torpor snail simulacrum comes into view.
Shadizar's illusion casts a spell at you.
The magic dart hits you.
The culicivora chitters at the orb spider.
The orb spider's wounds heal themselves!
The orb spider spins a strand of pure energy.
The orb spider begins to weave its threads into a brightly glowing ball.
The broodmother bites you!
Unknown command.
Unknown command.
Unknown command.
Unknown command.
Unknown command.
Unknown command.
Unknown command.
Unknown command.
Unknown command.
Unknown command.
Unknown command.
Unknown command.
The broodmother's soul is no longer bound.
The wolf spider hits you!!
* * * LOW HITPOINT WARNING * * *
The wolf spider bites you but does no damage.
The broodmother bites you!!
* * * LOW HITPOINT WARNING * * *
The wolf spider hits you!!
You die...

.
...............
.
.....^.........
.
...............
.
....w..........
.z
....s..........
...
.....†..@†.....
...
.....†sZ.......
..3
......s@.......
...
......°Zs......
...
....s..........
...
....Z..........
...
........$......
...
........#......
..^
........#......
...
........#......
... ...


You could see a broodmother (berserk), a torpor snail (soul bound), a wolf
spider (berserk), 2 orb spiders, a culicivora, shadizar's illusion, a wolf
spider simulacrum, a torpor snail simulacrum and a jorogumo simulacrum.

Vanquished Creatures
  Arachne (Spider:2)
  Frances (Spider:2)
  Aizul (Spider:3)
  Donald (Spider:2)
  A storm dragon (D:12)
  An emperor scorpion (Spider:2)
  A ghost moth (Spider:4)
  2 broodmothers
  Nessos (Lair:4)
  Azrael (Spider:3)
  3 spark wasps
  Snorg (D:10)
  An ettin (Orc:1)
  The ghost of hsi the Basher, a journeyman MDFi of Fedhas (Lair:1)
  4 vault guards (D:14)
  Harold (Lair:2)
  Fannar (D:10)
  7 hydras
  3 entropy weavers
  A merfolk avatar (Lair:5)
  2 catoblepae
  3 radroaches
  A death knight (D:14)
  3 jorogumos
  2 centaur warriors
  An ogre mage (D:10)
  Erica (D:9)
  6 two-headed ogres
  5 boulder beetles
  2 tengu warriors (D:14)
  7 demonic crawlers
  2 death yaks (Lair:4)
  A deep troll earth mage (D:12)
  5 orc high priests (Orc:2)
  2 skysharks
  The ghost of MirrMurr the Magician, a novice GnWr (D:7)
  A fire crab (shapeshifter) (D:14)
  A sea snake (Lair:5)
  A skeletal warrior (D:14)
  Lodul (D:11)
  11 pharaoh ants
  8 orb spiders
  4 steelbarb worms
  2 harpies (Lair:5)
  A phantasmal warrior (D:14)
  A deep elf pyromancer (D:12)
  An obsidian bat (Orc:1)
  Pikel (D:5)
  3 orc knights (Orc:2)
  6 ugly things
  21 wolf spiders
  A cyclops (D:14)
  5 oklob plants (Lair:5)
  Maurice (D:8)
  2 manticores (Lair:5)
  9 elephants
  Joseph (D:10)
  4 black mambas
  A gargoyle (D:11)
  3 moths of wrath
  7 torpor snails
  18 cane toads
  6 kobold demonologists
  4 rime drakes
  2 tengu conjurers (D:14)
  13 komodo dragons
  8 trolls
  A queen bee (Lair:1)
  9 hornets
  3 polar bears
  17 blink frogs
  A wind drake (Lair:5)
  27 tarantellas
  13 jumping spiders
  2 snapping turtles (Lair:5)
  14 culicivoras
  40 yaks
  9 slime creatures
  2 shadows
  9 wyverns
  4 basilisks
  4 fire elementals (Spider:3)
  4 wraiths
  5 vampire mosquitoes (D:11)
  2 steam dragons
  49 redbacks
  10 wargs
  3 acid dragons
  4 hell hounds (Spider:3)
  14 water moccasins
  Pargi (Sewer)
  An ice beast (D:8)
  3 sky beasts
  22 orc warriors
  13 ogres
  3 black bears
  20 wolves
  A phantom (D:7)
  2 lemures (D:5)
  7 centaurs
  Blork the orc (D:4)
  A brain worm (Sewer)
  5 kobold brigands
  14 bullfrogs
  A gnoll sergeant (D:12)
  3 scorpions
  A hornet simulacrum (D:14)
  13 wights
  16 killer bees
  5 electric eels
  4 howler monkeys
  3 jellies
  A crimson imp (D:4)
  2 bombardier beetles
  8 hounds
  A gnoll bouda (D:5)
  25 orc priests
  Jessica (D:2)
  5 sleepcaps
  8 iguanas
  19 orc wizards
  8 gnolls
  10 adders
  3 white imps
  3 ufetubi (D:5)
  2 dart slugs
  3 ribbon worms
  78 orcs
  14 ball pythons
  5 endoplasms
  3 giant cockroaches
  6 goblins
  14 hobgoblins
  A jackal (D:5)
  26 kobolds
  9 quokkas
  14 bats
  2 frilled lizards
  9 rats
  A butterfly (Lair:4)
  A fulminant prism (D:14)
894 creatures vanquished.

Vanquished Creatures (others)
  108 fulminant prisms
108 creatures vanquished.

Grand Total: 1002 creatures vanquished

Notes
Turn   | Place    | Note
-------+----------+-------------------------------------------
     0 | D:1      | shadizar the Djinni Conjurer began the quest for the Orb.
     0 | D:1      | shadizar set off with the following spells memorised: Magic
                  | Dart, Searing Ray, Fulminant Prism, Iskenderun's Mystic
                  | Blast.
     0 | D:1      | Reached XP level 1. HP: 15/15 MP: 0/0
   131 | D:1      | Reached XP level 2. HP: 16/21 MP: 0/0
   516 | D:1      | Reached XP level 3. HP: 23/25 MP: 0/0
   516 | D:1      | Learned a level 1 spell: Sting
   920 | D:2      | Noticed Jessica
   944 | D:2      | Killed Jessica
   945 | D:2      | Reached XP level 4. HP: 27/31 MP: 0/0
  1223 | D:2      | Reached XP level 5. HP: 33/35 MP: 0/0
  1223 | D:2      | Learned a level 2 spell: Mercury Vapours
  1234 | D:2      | Reached skill level 5 in Spellcasting
  1234 | D:2      | Reached skill level 5 in Conjurations
  1234 | D:2      | Reached skill level 5 in Hexes
  1234 | D:2      | Reached skill level 5 in Summonings
  1234 | D:2      | Reached skill level 5 in Necromancy
  1234 | D:2      | Reached skill level 5 in Translocations
  1234 | D:2      | Reached skill level 5 in Fire Magic
  1234 | D:2      | Reached skill level 5 in Ice Magic
  1234 | D:2      | Reached skill level 5 in Air Magic
  1234 | D:2      | Reached skill level 5 in Earth Magic
  1234 | D:2      | Reached skill level 5 in Alchemy
  1393 | D:2      | Found a faded altar of an unknown god.
  2136 | D:4      | Identified the +4 scale mail of Dimoehi {rF+ Regen+ MP+9
                  | Dex-4}
  2258 | D:4      | Reached XP level 6. HP: 37/40 MP: 0/0
  2771 | D:4      | Noticed Blork the orc
  2788 | D:4      | Killed Blork the orc
  3008 | D:4      | Reached XP level 7. HP: 40/45 MP: 0/0
  3008 | D:4      | Learned a level 3 spell: Inner Flame
  3225 | D:5      | Entered Level 5 of the Dungeon
  3324 | D:5      | Noticed Pikel
  3331 | D:5      | Killed Pikel
  3332 | D:5      | Reached XP level 8. HP: 24/50 MP: 0/0
  3788 | D:5      | Reached skill level 1 in Fighting
  3788 | D:5      | Reached skill level 1 in Armour
  4063 | D:5      | Found a shimmering altar of Xom.
  4551 | D:5      | Reached XP level 9. HP: 50/58 MP: 0/0
  4551 | D:5      | Learned a level 4 spell: Summon Blazeheart Golem
  5142 | D:6      | Found a glowing drain.
  5147 | Sewer    | Entered a sewer
  5247 | Sewer    | Noticed Pargi
  5256 | Sewer    | Killed Pargi
  5679 | D:6      | Found a staircase to the Ecumenical Temple.
  5704 | Temple   | Entered the Ecumenical Temple
  5733 | Temple   | Became a worshipper of Makhleb the Destroyer
  5795 | D:6      | Reached skill level 5 in Dodging
  6180 | D:6      | Found a broken altar of Ashenzari.
  6315 | D:6      | Found Awerenn Maly's Serpentskin Sales.
  6459 | D:7      | Noticed a moth of wrath
  6459 | D:7      | Noticed MirrMurr's ghost (novice GnWr)
  6463 | D:7      | Found Zara's Book Emporium.
  6480 | D:7      | Found a transporter.
  6538 | D:7      | Found a transporter.
  6551 | D:7      | Found a stormy altar of Qazlal.
  6552 | D:7      | Found a sacrificial altar of Ru.
  6560 | D:7      | Reached XP level 10. HP: 65/69 MP: 0/0
  6670 | D:7      | Reached * piety under Makhleb
  6838 | D:7      | Found Merphazee's Antique Weapon Emporium.
  6845 | D:7      | Found Car Teih's Book Boutique.
  6877 | D:7      | Found Yqeell's Magic Scroll Emporium.
  7124 | D:7      | Found a snail-covered altar of Cheibriados.
  7331 | D:7      | Found Duozxock's Weapon Boutique.
  7352 | D:7      | Reached skill level 5 in Fighting
  7352 | D:7      | Reached skill level 5 in Armour
  7404 | D:7      | Reached skill level 5 in Stealth
  8094 | D:8      | Noticed Maurice
  8203 | D:8      | Killed Maurice
  8497 | D:8      | Noticed a two-headed ogre
  8504 | D:8      | Killed a two-headed ogre
  8926 | D:9      | Noticed a boulder beetle
  9242 | D:9      | Reached XP level 11. HP: 34/78 MP: 0/0
  9242 | D:9      | Learned a level 5 spell: Yara's Violent Unravelling
  9510 | D:9      | Reached ** piety under Makhleb
  9608 | D:9      | Noticed Erica
  9616 | D:9      | Killed Erica
  9780 | D:9      | Killed a boulder beetle
 10192 | D:10     | Entered Level 10 of the Dungeon
 10367 | D:10     | Noticed Joseph
 10376 | D:10     | Killed Joseph
 10497 | D:10     | Noticed Snorg
 10513 | D:10     | Killed Snorg
 10851 | D:10     | Found a transporter.
 11046 | D:10     | Found a staircase to the Orcish Mines.
 11046 | D:10     | Noticed Fannar
 11056 | D:10     | Killed Fannar
 11363 | D:10     | Noticed an ogre mage
 11368 | D:10     | Killed an ogre mage
 11369 | D:10     | Reached XP level 12. HP: 63/86 MP: 0/0
 11498 | D:10     | Found a transporter.
 11545 | D:10     | Noticed UltraNumeron's ghost (journeyman TrSh)
 11795 | D:7      | Reached *** piety under Makhleb
 11807 | D:7      | Killed MirrMurr's ghost
 12328 | D:11     | Noticed a two-headed ogre
 12333 | D:11     | Killed a two-headed ogre
 12379 | D:11     | Reached skill level 10 in Dodging
 12445 | D:11     | Noticed a five-headed hydra
 12452 | D:11     | Killed a five-headed hydra
 13061 | D:11     | Found a white marble altar of Elyvilon.
 13062 | D:11     | Identified the +0 plate armour of Xom's Delight {Dex+2}
 13362 | D:11     | Found a staircase to the Lair.
 13449 | D:11     | Reached **** piety under Makhleb
 13620 | D:11     | Noticed Lodul
 13626 | D:11     | Killed Lodul
 13627 | D:11     | Reached XP level 13. HP: 76/94 MP: 0/0
 13627 | D:11     | Learned a level 5 spell: Iskenderun's Battlesphere
 14203 | Lair:1   | Entered Level 1 of the Lair of Beasts
 14474 | Lair:1   | Found a shimmering altar of Xom.
 14529 | Lair:1   | Identified the +2 sling of Nanocs {elec, rF+}
 14579 | Lair:1   | Noticed hsi's ghost (journeyman MDFi)
 14619 | Lair:1   | Found a transporter.
 14624 | Lair:1   | Found a transporter.
 15292 | Lair:2   | Reached skill level 10 in Fighting
 15292 | Lair:2   | Reached skill level 10 in Armour
 15296 | Lair:2   | Reached skill level 10 in Spellcasting
 15296 | Lair:2   | Reached skill level 10 in Conjurations
 15296 | Lair:2   | Reached skill level 10 in Hexes
 15296 | Lair:2   | Reached skill level 10 in Summonings
 15296 | Lair:2   | Reached skill level 10 in Necromancy
 15296 | Lair:2   | Reached skill level 10 in Translocations
 15296 | Lair:2   | Reached skill level 10 in Fire Magic
 15296 | Lair:2   | Reached skill level 10 in Ice Magic
 15296 | Lair:2   | Reached skill level 10 in Air Magic
 15296 | Lair:2   | Reached skill level 10 in Earth Magic
 15296 | Lair:2   | Reached skill level 10 in Alchemy
 15720 | Lair:2   | Noticed Harold
 15735 | Lair:2   | Killed Harold
 15742 | Lair:2   | Noticed a catoblepas
 15768 | Lair:2   | Killed a catoblepas
 15942 | Lair:2   | Found a staircase to the Swamp.
 16138 | Lair:3   | Reached ***** piety under Makhleb
 16139 | Lair:3   | Noticed a seven-headed hydra
 16152 | Lair:3   | Killed a seven-headed hydra
 16427 | Lair:3   | Found a hole to the Spider Nest.
 16971 | Lair:4   | Reached XP level 14. HP: 89/103 MP: 0/0
 17266 | Lair:4   | Noticed Nessos
 17280 | Lair:4   | Killed Nessos
 17627 | Lair:4   | Identified the +5 spear of Discord {elec, Str+2}
 17994 | Lair:5   | Entered Level 5 of the Lair of Beasts
 18212 | Lair:5   | Reached skill level 1 in Shields
 18270 | Lair:5   | Reached ****** piety under Makhleb
 18271 | Lair:5   | Reached XP level 15. HP: 98/112 MP: 0/0
 18271 | Lair:5   | Learned a level 6 spell: Bombard
 18748 | Lair:5   | Identified the ring "Ujytapyuco" {Ice rPois Int+4}
 19309 | Lair:5   | Found a staircase to the Slime Pits.
 19563 | Orc:1    | Entered Level 1 of the Orcish Mines
 19965 | Orc:2    | Entered Level 2 of the Orcish Mines
 20273 | Orc:2    | Found Egulazin's Weapon Shoppe.
 20365 | Orc:2    | Found a roughly hewn altar of Beogh.
 20377 | Orc:2    | Found Hiv Cuib's General Store.
 20416 | Orc:2    | Reached skill level 5 in Shields
 20455 | Orc:2    | Found a staircase to the Elven Halls.
 20628 | Orc:2    | Found Bafrozio's Antique Armour Emporium.
 20634 | Orc:2    | Bought a fine hat for 252 gold pieces
 20634 | Orc:2    | Identified the +0 hat of Noughts and Crosses {rN++ Int+3
                  | Stlth-} (You bought it in a shop on level 2 of the Orcish
                  | Mines)
 20734 | Orc:2    | Found Cuuqei's Armour Emporium.
 21443 | D:12     | Noticed a storm dragon
 21819 | D:12     | Killed a storm dragon
 22574 | D:13     | Reached XP level 16. HP: 118/118 MP: 0/0
 22772 | Lair:1   | Killed hsi's ghost
 22813 | Lair:1   | Identified the +6 plate armour of Fuzzy Surprise {rC+}
 23325 | Spider:1 | Entered Level 1 of the Spider Nest
 23527 | D:14     | Found a gate to the Vaults.
 23738 | D:14     | Found a hide-covered altar of Uskayaw.
 25193 | Spider:2 | Reached XP level 17. HP: 126/126 MP: 0/0
 25193 | Spider:2 | Learned a level 7 spell: Spellforged Servitor
 25323 | Spider:2 | Noticed Frances
 25323 | Spider:2 | Noticed Arachne
 25330 | Spider:2 | Killed Arachne
 25336 | Spider:2 | Killed Frances
 25447 | Spider:2 | Noticed Donald
 25459 | Spider:2 | Killed Donald
 25660 | Spider:2 | Identified a scroll of acquirement
 25661 | Spider:2 | Acquired 945 gold pieces
 25766 | Spider:3 | Noticed Azrael
 25781 | Spider:3 | Killed Azrael
 25934 | Spider:3 | Identified the serpent talisman of Hepliaklqana's Respect
                  | {rElec rC- rN+ Dex+4}
 25934 | Spider:3 | Noticed Aizul
 25939 | Spider:3 | Killed Aizul
 25972 | Spider:3 | Reached skill level 10 in Shields
 25972 | Spider:3 | Reached skill level 15 in Spellcasting
 25972 | Spider:3 | Reached skill level 15 in Conjurations
 25972 | Spider:3 | Reached skill level 15 in Hexes
 25972 | Spider:3 | Reached skill level 15 in Summonings
 25972 | Spider:3 | Reached skill level 15 in Necromancy
 25972 | Spider:3 | Reached skill level 15 in Translocations
 25972 | Spider:3 | Reached skill level 15 in Fire Magic
 25972 | Spider:3 | Reached skill level 15 in Ice Magic
 25972 | Spider:3 | Reached skill level 15 in Air Magic
 25972 | Spider:3 | Reached skill level 15 in Earth Magic
 25972 | Spider:3 | Reached skill level 15 in Alchemy
 26450 | Spider:4 | Entered Level 4 of the Spider Nest
 26470 | Spider:4 | Reached XP level 18. HP: 114/133 MP: 0/0
 26570 | Spider:4 | Noticed Asterion
 26579 | Spider:4 | Noticed Mlioglotl
 26631 | Spider:4 | Noticed Mara
 26637 | Spider:4 | Noticed shadizar's illusion
 26642 | Spider:4 | Demolished by a wolf spider

Illustrated notes

Levels and vault maps discovered:
D:1:      giann_bridges, layout_loops_ring
D:2:      minmay_door_path, layout_rooms,
          hellmonk_ecumenical_altar_leap_of_faith, uniq_jessica
D:3:      layout_basic, hex_large
D:4:      layout_basic, grunt_ministairs_11, minmay_fire_ice_demons,
          uniq_blork_the_orc
D:5:      minmay_chambers_of_threes, layout_basic, mainiacjoe_overflow_alcove_1,
          amethyst_killhole, hellmonk_no_cap, uniq_pikel
D:6:      layout_rooms, cheibrodos_ashenzari_chains, lemuel_round_altar,
          minmay_temple_entry_large_hall,
          mainiacjoe_sewer_entry_somewhere_in_here_1, guppyfry_shop_venom
D:7:      layout_basic, slow_altar_1, mainiacjoe_overflow_catch_the_wave,
          serial_shops, nicolae_shop_stone, nicolae_shop_bloodbath_and_beyond,
          nicolae_book_shop_shelving, nicolae_shop_advertising_works
          [nicolae_subvault_shop_adworks], nicolae_shop_tiny_statue_garden,
          gammafunk_ghost_berserking_beasts
D:8:      layout_basic, mainiacjoe_overflow_boulevard, uniq_maurice
D:9:      layout_roguey, lemuel_tele_altar, minmay_misc_feat_four_crosses,
          uniq_erica
D:10:     hellmonk_paralyzer, layout_gridville, orc_0_dummy,
          gammafunk_ghost_stat_death, corner_web_ring, uniq_fannar, uniq_joseph,
          uniq_snorg
D:11:     layout_small_grid, erik_lair_island, elyvilon_altar_5, uniq_lodul
D:12:     layout_loops_corners, wad_dig_loot
D:13:     layout_rooms
D:14:     layout_cave_pools, lightli_vaults_fourway_checkpoint,
          nicolae_uskayaw_murder_on_the_dancefloor, serial_park,
          serial_park_tiny_1, serial_park_tiny_pond, serial_park_square3
          [serial_park_minivault_5x5_4], serial_park_tiny_2, serial_park_tiny_2
Temple:   jpeg_temple_clearing
Lair:1:   layout_regular_city, basic_altar, gammafunk_ghost_hive
Lair:2:   layout_cave_shapes, swamp_mist, grunt_megastairs_5, uniq_harold
Lair:3:   layout_misc_corridors, spider_nest_entry_webs
Lair:4:   layout_roguey, minmay_holes, minmay_shattered_shrine,
          lemuel_fruit_fields, uniq_nessos
Lair:5:   gammafunk_lair_ancient_temple, layout_regular_city,
          minmay_slime_entry_oklob_enclosed, dpeg_oklob_1
Spider:1: layout_spider_delve, hangedman_spider_tarantella_strand
Spider:2: layout_spider_delve, uniq_frances, uniq_arachne, uniq_donald
Spider:3: layout_spider_delve, nicolae_spider_orb_run, uniq_aizul, uniq_azrael
Spider:4: guppyfry_spider_rune, uniq_mlioglotl, uniq_louise, uniq_asterion,
          uniq_mara
Orc:1:    layout_diamond_mine
Orc:2:    st_orc_town, layout_caves, nicolae_orc_crystal_geode

Skill      XL: |  1  2  3  4  5  6  7  8  9 10 11 12 13 14 15 16 17 |
---------------+----------------------------------------------------+-----
Spellcasting   | 4 5 6 7 8 9 10 12 13 14 15 | 15.3
Conjurations   | 4 5 6 7 8 9 10 12 13 14 15 | 15.3
Hexes          | 4 5 6 7 8 9 10 12 13 14 15 | 15.3
Summonings     | 4 5 6 7 8 9 10 12 13 14 15 | 15.3
Necromancy     | 4 5 6 7 8 9 10 12 13 14 15 | 15.3
Translocations | 4 5 6 7 8 9 10 12 13 14 15 | 15.3
Fire Magic     | 4 5 6 7 8 9 10 12 13 14 15 | 15.3
Ice Magic      | 4 5 6 7 8 9 10 12 13 14 15 | 15.3
Air Magic      | 4 5 6 7 8 9 10 12 13 14 15 | 15.3
Earth Magic    | 4 5 6 7 8 9 10 12 13 14 15 | 15.3
Alchemy        | 4 5 6 7 8 9 10 12 13 14 15 | 15.3
Fighting       | 2 4 6 8 9 10 12 13 | 13.6
Armour         | 2 4 6 8 9 10 12 13 | 13.6
Stealth        | 2 4 5 |  5.0
Dodging        | 3 5 7 9 10 11 12 13 | 13.5
Shields        | 1 7 9 10 | 10.4

Action                     |  1- 3 |  4- 6 |  7- 9 | 10-12 | 13-15 | 16-18 || total
---------------------------+-------+-------+-------+-------+-------+-------++-------
  Melee: Unarmed           |    15 |     3 |       |       |       |       ||    18
         Staff             |       |       |     3 |     1 |     5 |     4 ||    13
   Cast: Magic Dart        |    58 |   113 |   155 |   250 |   486 |   179 ||  1241
         Fulminant Prism   |       |     3 |     1 |    40 |    46 |    19 ||   109
         Iskenderun's Myst |       |     1 |    68 |   137 |   467 |   275 ||   948
         Searing Ray       |       |     1 |       |     1 |       |       ||     2
         Mercury Vapours   |       |       |       |     1 |       |       ||     1
         Bombard           |       |       |       |       |       |    77 ||    77
    Use: Scroll            |       |       |       |    17 |     9 |     6 ||    32
   Stab: Confused          |     1 |       |       |       |       |       ||     1
 Armour: Robe              |     2 |    12 |    25 |    55 |    15 |       ||   109
         Skin              |     5 |       |       |       |       |       ||     5
         Scale mail        |       |       |       |       |   157 |   196 ||   353
  Dodge: Dodged            |    15 |    13 |    26 |    46 |    64 |    43 ||   207
  Block: Kite shield       |       |       |       |       |    11 |    10 ||    21
         Buckler           |       |       |       |       |       |    17 ||    17

Table legend: (Time is in decaauts)
 A = Elapsed time spent in this place.
 B = Non-inter-level travel time spent in this place.
 C = Inter-level travel time spent in this place.
 D = Time resting spent in this place.
 E = Time spent auto-exploring this place.
 F = Levels seen in this place.
 G = Mean time per level.
                   A        B        C        D        E       F      G
               +--------+--------+--------+--------+--------+-----+--------+
         Total |  26700 |  24828 |   1872 |      0 |  19710 |  27 |  988.9 |
       Dungeon |  17028 |  15651 |   1377 |      0 |  13216 |  14 | 1216.3 |
        Temple |     50 |     30 |     20 |      0 |      8 |   1 |   50.0 |
          Lair |   5744 |   5333 |    411 |      0 |   3904 |   5 | 1148.8 |
   Spider Nest |   2300 |   2241 |     59 |      0 |   1590 |   4 |  575.0 |
  Orcish Mines |   1375 |   1373 |      2 |      0 |    836 |   2 |  687.5 |
         Sewer |    200 |    200 |      0 |      0 |    156 |   1 |  200.0 |
               +--------+--------+--------+--------+--------+-----+--------+

Top non-repeatable levels by time:
    D:11: 1923 daAuts
     D:5: 1907 daAuts
    D:10: 1813 daAuts
     D:9: 1512 daAuts
  Lair:5: 1485 daAuts
     D:7: 1424 daAuts
     D:4: 1293 daAuts
  Lair:1: 1289 daAuts
     D:8: 1243 daAuts
    D:12: 1100 daAuts
     D:6: 1093 daAuts
  Lair:4: 1069 daAuts
  Lair:3: 987 daAuts
  Lair:2: 911 daAuts
   Orc:2: 873 daAuts
